 Dungeon Crawl Stone Soup version 0.19.0-11-g3fc08b3 (webtiles) character file.

56 Firebatgyro the Shooter (level 3, -1/20 HPs)
             Began as a Deep Elf Hunter on Nov 8, 2016.
             Succumbed to a scorpion's poison
             ... on level 3 of the Dungeon.
             The game lasted 00:02:16 (945 turns).

Firebatgyro the Shooter (Deep Elf Hunter)            Turns: 945, Time: 00:02:17

Health: -1/20      AC:  3    Str:  9    XL:     3   Next: 69%
Magic:  5/5        EV: 12    Int: 15    God:
Gold:   61         SH:  0    Dex: 16    Spells: 0 memorised, 2 levels left

rFire  . . .     SeeInvis .     a - +1 shortbow
rCold  . . .     Gourm    .     c - +0 leather armour
rNeg   . . .     Faith    .     (shield currently unavailable)
rPois  .         Spirit   .     (no helmet)
rElec  .         Reflect  .     (no cloak)
rCorr  +         Harm     .     (no gloves)
MR     .....                    (no boots)
Stlth  ++........               (no amulet)
                                (no ring)
                                h - ring of resist corrosion

@: lethally poisoned (-1 -> -33), invisible
A: no striking features
a: no special abilities


You were on level 3 of the Dungeon.
You were not hungry.

You visited 1 branch of the dungeon, and saw 3 of its levels.

You collected 61 gold pieces.

Inventory:

Hand Weapons
 a - a +1 shortbow (weapon)
 p - a +2 vampiric dagger
 q - a +0 dagger
Missiles
 d - 28 arrows (quivered)
Armour
 c - a +0 leather armour (worn)
Jewellery
 h - a ring of resist corrosion (left hand)
Wands
 t - a wand of random effects (30/48)
Scrolls
 b - a scroll of magic mapping {unknown}
 e - 2 scrolls of remove curse {unknown}
 g - 2 scrolls of teleportation {unknown}
 j - a scroll of identify {unknown}
 n - 3 scrolls of recharging {unknown}
Potions
 i - a potion of invisibility
 l - a potion of lignification {unknown}
 o - 2 potions of might {unknown}
 r - a potion of curing {unknown}
 s - a potion of magic {unknown}
Comestibles
 f - 3 bread rations
 k - 3 meat rations
 m - 3 fruits


   Skills:
 - Level 1.5 Fighting
 + Level 2.1 Short Blades
 - Level 4.3 Bows
 - Level 2.4 Dodging
 + Level 3.6 Stealth


You had 2 spell levels left.
You didn't know any spells.

Dungeon Overview and Level Annotations

Branches:
Dungeon (3/15)

Altars:
Nemelex Xobeh
Xom


Message History

Press: ? - help, Shift-Dir - straight line, f/p - scorpion
Aim: a scorpion (moderately wounded)
You shoot an arrow. The arrow hits the scorpion!
The scorpion is severely wounded.
You feel sick. The scorpion stings you.
You are more poisoned.
The scorpion poisons you!
Firing (i - inventory):
d - 29 arrows (quivered)
Press: ? - help, Shift-Dir - straight line, f/p - scorpion
Aim: a scorpion (severely wounded)
You shoot an arrow. The arrow hits the scorpion.
The scorpion is almost dead.
* * * LOW HITPOINT WARNING * * *
You feel sick. The scorpion stings you.
* * * LOW HITPOINT WARNING * * *
You are more poisoned.
The scorpion poisons you!
It was a potion of invisibility.
You fade into invisibility!
You die...

#........
#....... ........
#.# [(.... #.#
.(.. #.# .(#
#.#########s####
#.#........@...#
#.#.####.......##
##.#.# #........#
#.<..# #........#
##†### #........#
#.# #........#
#.# #........#
#.# #........#
#.# ##########


You could see a scorpion.

Vanquished Creatures
  An adder (D:2)
  A worm (D:2)
  4 dart slugs
  2 leopard geckos
  A ball python (D:3)
  A giant cockroach (D:2)
  2 goblins
  2 hobgoblins
  2 jackals (D:2)
  8 kobolds
  2 quokkas
  A bat (D:2)
  2 frilled lizards
  5 rats
34 creatures vanquished.

Notes
Turn   | Place    | Note
-------+----------+-------------------------------------------
     0 | D:1      | Firebatgyro the Deep Elf Hunter began the quest for the Orb.
     0 | D:1      | Reached XP level 1. HP: 12/12 MP: 3/3
   162 | D:1      | Reached skill level 1 in Short Blades
   162 | D:1      | Reached XP level 2. HP: 16/16 MP: 4/4
   201 | D:1      | You fall through a shaft!
   303 | D:2      | Found a sparkling altar of Nemelex Xobeh.
   413 | D:2      | Reached XP level 3. HP: 20/20 MP: 5/5
   871 | D:2      | Found a shimmering altar of Xom.
   936 | D:3      | Noticed a scorpion
   944 | D:3      | HP: 1/20 [scorpion (5)]
   945 | D:3      | Succumbed to a scorpion's poison

Skill      XL: |  1  2  3 |
---------------+----------+-----
Stealth        | 2 3 |  3.6
Short Blades   | 1 2 |  2.1
Fighting       | |  1.5
Bows           | |  4.3
Dodging        | |  2.4

Action                   || total
-------------------------++-------
 Fire: Shortbow          ||    90
  Use: Potion            ||     1
Armor: Leather armour    ||     5
Dodge: Dodged            ||     9
